 Dungeon Crawl Stone Soup version 0.28-a0-1616-g050a50673c (webtiles) character file.

Game seed: 10537046457713753730

10010 mcsnuffy the Nimble (level 11, 2/67 HPs)
             Began as a Deep Elf Venom Mage on Jan 22, 2022.
             Was an Initiate of Gozag.
             Quit the game on level 11 of the Dungeon.
             The game lasted 00:35:25 (12054 turns).

mcsnuffy the Nimble (Deep Elf Venom Mage)          Turns: 12054, Time: 00:35:26

Health: 2/67       AC:  5    Str:  5    XL:     11   Next: 30%
Magic:  23/23      EV: 18    Int: 25    God:    Gozag
Gold:   1501       SH:  0    Dex: 15    Spells: 12/24 levels left

rFire   . . .      SeeInvis .   o - +1 dagger (elec)
rCold   + . .      Faith    .   (no shield)
rNeg    . . .      Spirit   .   h - +2 robe {rC+}
rPois   .          Reflect  .   s - +0 helmet
rElec   .          Harm     .   (no cloak)
rCorr   .          Rampage  .   l - +2 pair of gloves
Will    ++...                   q - +0 pair of boots "Nucey" {Will+}
Stlth   +++.......              u - amulet of regeneration
HPRegen 1.01/turn               (no ring)
MPRegen 0.18/turn               (no ring)

@: corroded
A: no striking features
a: Renounce Religion, Potion Petition, Call Merchant, Bribe Branch


You were on level 11 of the Dungeon.
You worshipped Gozag.
Gozag was most pleased with you.
You visited 3 branches of the dungeon, and saw 13 of its levels.

You collected 1623 gold pieces.
You paid 122 gold pieces to Gozag.


   Skills:
 - Level 7.0 Fighting
 - Level 3.0 Short Blades
 - Level 11.1 Dodging
 - Level 4.0 Stealth
 - Level 7.0 Spellcasting
 + Level 5.2 Hexes
 + Level 4.3 Summonings
 - Level 1.1 Transmutations
 - Level 2.0 Air Magic
 - Level 10.0 Poison Magic
 - Level 4.0 Evocations


You had 12 spell levels left.
You knew the following spells:

 Your Spells              Type           Power      Damage    Failure   Level
o - Olgreb's Toxic Radia  Pois           56%        N/A       1%          4
p - Poisonous Vapours     Pois/Air       76%        N/A       1%          2
v - Summon Mana Viper     Hex/Summ       32%        N/A       26%         5
z - Sting                 Tmut/Pois      100%       1d8       1%          1

Your spell library contained the following spells:

 Spells                   Type           Power      Damage    Failure   Level
 Mephitic Cloud           Conj/Pois/Air  28%        N/A       3%          3
 Animate Skeleton         Necr           16%        N/A       7%          1
 Pain                     Necr           32%        1d5       7%          1
 Gell's Gravitas          Tloc           8%         N/A       21%         3
 Lesser Beckoning         Tloc           8%         N/A       21%         3
 Teleport Other           Tloc           8%         N/A       21%         3
 Vampiric Draining        Necr           8%         2d6       21%         3
 Summon Forest            Summ/Tloc      9%         N/A       61%         5
 Summon Cactus Giant      Summ           15%        N/A       86%         6
 Dispersal                Tloc           4%         N/A       100%        6

Inventory:

Hand Weapons
 o - a +1 dagger of electrocution (weapon)
 B - the +6 trident "Poppeg" {speed, rC+ rCorr SInv}
   (You found it on level 10 of the Dungeon)

   Attacks with this weapon are significantly faster.
   rC:        It protects you from cold.
   SInv:      It lets you see invisible.
   rCorr:     It protects you from acid and corrosion.
Armour
 h - a +2 robe of cold resistance (worn)
 l - a +2 pair of gloves (worn)
 q - the +0 pair of boots "Nucey" (worn) {Will+}
   (You found it on level 5 of the Dungeon)

   Will:      It increases your willpower.
 s - a +0 helmet (worn)
Jewellery
 u - an amulet of regeneration (around neck)
 W - a ring of willpower
Wands
 n - a wand of iceblast (25)
 r - a wand of polymorph (9)
 t - a wand of paralysis (8)
 F - a wand of flame (8)
Scrolls
 d - 3 scrolls of teleportation {@r2}
 f - 2 scrolls of vulnerability
 i - a scroll of noise
 k - 3 scrolls of fog {unknown}
 m - a scroll of blinking {unknown}
 p - a scroll of enchant weapon
 w - a scroll of fear
 y - a scroll of summoning {unknown}
 A - 2 scrolls of amnesia {unknown}
 D - a scroll of identify {@r1}
Potions
 a - a potion of cancellation
 b - a potion of lignification
 c - a potion of berserk rage {!q}
 e - a potion of brilliance
 g - a potion of ambrosia {unknown}
 j - a potion of mutation
 v - a potion of flight
 x - a potion of haste {unknown}
 z - a potion of magic
 C - a potion of curing {@q1}
Miscellaneous
 E - a box of beasts

Dungeon Overview and Level Annotations

Branches:
Dungeon (11/15)            Temple (1/1) D:6            Lair (1/6) D:10
    Orc (0/2) D:10

Altars:
Ashenzari
Cheibriados
Dithmenos
Elyvilon
Fedhas
Gozag
Hepliaklqana
Kikubaaqudgha
Nemelex Xobeh
Okawaru
Ru
Vehumet
Wu Jian
The Shining One

Annotations:
D:3 exclusion: wight
D:5 1 runed translucent door, Crazy Yiuf

#....#≈≈≈#.#≈≈≈#
#.<..#≈≈≈#.#≈≈≈▒##
#....#≈≈≈#.#≈≈≈#.#
#....#≈≈≈#.#≈≈≈▒.#
#....#≈≈≈#.#≈≈≈#..
###....#≈≈≈#.#≈≈≈#
#.(<...#≈≈≈#.#≈≈≈#
......#....####▒.▒####
#####.#....@D>c[...
#..............
#.#........#.#▒
#.#.......▒# #
###.....# .#####. #.
.. ## ...


You could see an acid dragon (catching breath) and a centaur.


Message History

The acid dragon is severely wounded.
The acid dragon bites you! The acid dragon completely misses you.
You hit the acid dragon.
The acid dragon is severely wounded.
The acid dragon bites you but does no damage.
The acid dragon claws you.
You hit the acid dragon but do no damage.
The acid dragon is severely wounded.
A centaur comes into view.
The acid dragon bites you. The acid dragon misses you.
You hit the acid dragon but do no damage.
The acid dragon is severely wounded.
The acid dragon spits acid at you. The splash of acid hits you!
* * * LOW HITPOINT WARNING * * *
The acid corrodes you!
You hear a roar!
You are too injured to fight recklessly!
You are too injured to fight recklessly!
You are too injured to fight recklessly!
You are too injured to fight recklessly!
You hit the acid dragon but do no damage.
The acid dragon is severely wounded.
The acid dragon spits acid at you. The splash of acid hits you!!
* * * LOW HITPOINT WARNING * * *
You closely miss the acid dragon.
The acid dragon is severely wounded.
Okay, then.
Are you sure you want to abandon this character and quit the game? (Confirm with "yes".)

Skill      XL: |  1  2  3  4  5  6  7  8  9 10 11 |
---------------+----------------------------------+-----
Poison Magic   | 4 5 6 8 9 10 | 10.0
Spellcasting   | 5 7 |  7.0
Air Magic      | 1 2 |  2.0
Fighting       | 2 4 5 7 |  7.0
Dodging        | 7 10 11 | 11.1
Stealth        | 4 |  4.0
Short Blades   | 3 |  3.0
Evocations     | 4 |  4.0
Hexes          | 1 5 |  5.2
Summonings     | 1 4 |  4.3
Transmutations | |  1.1

Action                   |  1- 3 |  4- 6 |  7- 9 | 10-12 || total
-------------------------+-------+-------+-------+-------++-------
Melee: Rapier            |    15 |       |       |       ||    15
       Dagger            |       |    37 |   185 |   397 ||   619
       Punch             |       |     1 |     7 |    10 ||    18
 Cast: Sting             |    36 |    17 |     4 |       ||    57
       Poisonous Vapours |    19 |    25 |    92 |    37 ||   173
       Olgreb's Toxic Ra |       |       |     4 |    12 ||    16
       Summon Mana Viper |       |       |       |     1 ||     1
Evoke: Wand              |       |       |       |     6 ||     6
  Use: Scroll            |       |     3 |     4 |     3 ||    10
       Potion            |       |       |     3 |       ||     3
 Stab: Sleeping          |       |     1 |     3 |     8 ||    12
       Distracted        |       |       |     1 |     3 ||     4
Armor: Robe              |     4 |     7 |    51 |    93 ||   155
Dodge: Dodged            |    13 |    26 |   127 |   300 ||   466

Levels and vault maps discovered:
D:1:      co_arrival_square_in_a_square_in_a_square, layout_rooms,
          ebering_ecumenical_altar_mist, minivault_24
D:2:      layout_rooms, uniq_sigmund, uniq_jessica
D:3:      layout_loops_ring
D:4:      layout_loops_ring
D:5:      layout_loops_ring, nicolae_wu_jian_wuxing_cycle,
          uniq_crazy_yiuf_cottage
D:6:      layout_loops_corners, temple_green, grunt_potential, uniq_pikel
D:7:      layout_gridville
D:8:      layout_basic, enter_bailey_4
D:9:      layout_irregular_city, uniq_grum
D:10:     layout_roguey, david_lair_shrubbed, zombieorc1_lemuel,
          small_chamber_with_monster
D:11:     nicolae_cairo_tiling_large_dashed, layout_rooms, serial_aquarium,
          aquarium_bridge_straight [aquarium_subvault_bridge,
          aquarium_subvault_window, aquarium_subvault_bridge,
          aquarium_subvault_balcony], aquarium_bridge_straight
          [aquarium_subvault_bridge, aquarium_subvault_wall,
          aquarium_subvault_bridge, aquarium_subvault_window],
          aquarium_window_1, aquarium_window_fake, aquarium_window_1,
          aquarium_view_2e, tgw_trog
Temple:   mainiacjoe_temple_trianglar_array
Lair:1:   layout_big_grid

Notes
Turn   | Place    | Note
-------+----------+-------------------------------------------
     0 | D:1      | mcsnuffy the Deep Elf Venom Mage began the quest for the
                  | Orb.
     0 | D:1      | Reached XP level 1. HP: 10/10 MP: 6/6
   386 | D:1      | Found a faded altar of an unknown god.
   436 | D:1      | Reached skill level 4 in Poison Magic
   436 | D:1      | Reached XP level 2. HP: 15/15 MP: 5/8
   642 | D:1      | Learned a level 2 spell: Poisonous Vapours
   989 | D:2      | Reached XP level 3. HP: 19/19 MP: 2/9
  1312 | D:2      | Reached skill level 5 in Poison Magic
  1441 | D:2      | Noticed Jessica
  1532 | D:2      | Killed Jessica
  1533 | D:2      | Reached XP level 4. HP: 13/24 MP: 1/11
  1668 | D:2      | Noticed Sigmund
  1691 | D:2      | Killed Sigmund
  1692 | D:2      | Reached skill level 5 in Spellcasting
  1692 | D:2      | Reached skill level 6 in Poison Magic
  1692 | D:2      | Reached skill level 1 in Air Magic
  1692 | D:2      | Reached XP level 5. HP: 28/28 MP: 5/14
  3024 | D:4      | Noticed an ogre
  3049 | D:4      | Killed an ogre
  3050 | D:4      | Reached skill level 2 in Air Magic
  3050 | D:4      | Reached XP level 6. HP: 33/33 MP: 6/15
  3195 | D:4      | Reached skill level 1 in Fighting
  3808 | D:4      | Reached skill level 2 in Fighting
  3808 | D:4      | Reached XP level 7. HP: 40/40 MP: 11/16
  3909 | D:5      | Entered Level 5 of the Dungeon
  3943 | D:5      | Reached skill level 7 in Poison Magic
  4042 | D:5      | Reached skill level 3 in Fighting
  4088 | D:5      | Found an ornate altar of the Wu Jian Council.
  4193 | D:5      | Reached skill level 8 in Poison Magic
  4221 | D:5      | Learned a level 4 spell: Olgreb's Toxic Radiance
  4626 | D:5      | Reached skill level 4 in Fighting
  4626 | D:5      | Reached XP level 8. HP: 48/48 MP: 14/17
  4702 | D:5      | Reached skill level 3 in Dodging
  4803 | D:5      | Identified the +0 pair of boots "Nucey" {Will+}
  4856 | D:5      | Reached skill level 4 in Dodging
  4961 | D:5      | Reached skill level 5 in Dodging
  5200 | D:5      | Found a runed translucent door.
  5201 | D:5      | Noticed Crazy Yiuf
  5502 | D:6      | Noticed a two-headed ogre
  5538 | D:6      | Killed a two-headed ogre
  5539 | D:6      | Reached skill level 6 in Dodging
  5539 | D:6      | Reached skill level 4 in Stealth
  5539 | D:6      | Reached skill level 7 in Spellcasting
  5692 | D:6      | Reached skill level 7 in Dodging
  5692 | D:6      | Reached XP level 9. HP: 52/52 MP: 18/21
  5881 | D:6      | Reached skill level 8 in Dodging
  6099 | D:6      | Found a staircase to the Ecumenical Temple.
  6106 | Temple   | Entered the Ecumenical Temple
  6432 | Temple   | Became a worshipper of Gozag Ym Sagoz the Greedy
  6697 | D:6      | Noticed Pikel
  6722 | D:6      | Killed Pikel
  6723 | D:6      | Reached skill level 5 in Fighting
  6723 | D:6      | Reached skill level 9 in Dodging
  6870 | D:6      | Reached skill level 1 in Short Blades
  7081 | D:6      | Reached skill level 2 in Short Blades
  7128 | D:6      | Reached skill level 10 in Dodging
  7327 | D:6      | Reached skill level 3 in Short Blades
  7774 | D:7      | Reached skill level 9 in Poison Magic
  7774 | D:7      | Reached XP level 10. HP: 50/59 MP: 18/22
  9156 | D:8      | Reached skill level 10 in Poison Magic
  9456 | D:8      | Reached skill level 1 in Evocations
  9560 | D:8      | Reached skill level 6 in Fighting
  9560 | D:8      | Reached skill level 2 in Evocations
  9889 | D:9      | Reached skill level 3 in Evocations
  9931 | D:9      | Noticed Grum
  9943 | D:9      | Killed Grum
  9944 | D:9      | Reached skill level 4 in Evocations
 10096 | D:9      | Noticed a two-headed ogre
 10129 | D:9      | Killed a two-headed ogre
 10130 | D:9      | Reached skill level 7 in Fighting
 10568 | D:9      | Noticed a tengu warrior
 10609 | D:8      | Killed a tengu warrior
 10610 | D:8      | Reached skill level 11 in Dodging
 10643 | D:9      | Learned a level 5 spell: Summon Mana Viper
 10791 | D:10     | Entered Level 10 of the Dungeon
 10864 | D:10     | Found a staircase to the Orcish Mines.
 10892 | D:10     | Reached skill level 1 in Hexes
 10892 | D:10     | Reached skill level 1 in Summonings
 10892 | D:10     | Reached XP level 11. HP: 27/67 MP: 14/23
 11001 | D:10     | Reached skill level 2 in Hexes
 11054 | D:10     | Identified the +6 trident "Poppeg" {speed, rC+ rCorr SInv}
 11075 | D:10     | Noticed a two-headed ogre
 11105 | D:10     | Reached skill level 2 in Summonings
 11105 | D:10     | Killed a two-headed ogre
 11106 | D:10     | Reached skill level 3 in Hexes
 11115 | D:10     | Reached skill level 3 in Summonings
 11294 | D:10     | Reached skill level 4 in Hexes
 11898 | D:10     | Found a staircase to the Lair.
 11919 | D:10     | Reached skill level 4 in Summonings
 11928 | Lair:1   | Entered Level 1 of the Lair of Beasts
 11980 | D:11     | Noticed a sea snake
 12024 | D:11     | Reached skill level 5 in Hexes
 12052 | D:11     | HP: 2/67 [acid dragon/splash of acid (22)]
 12054 | D:11     | Quit the game

Vanquished Creatures
  3 two-headed ogres
  A tengu warrior (D:8)
  Pikel (D:6)
  A komodo dragon (D:10)
  2 shadows (D:10)
  Sigmund (D:2)
  A vampire (D:9)
  Grum (D:9)
  A steam dragon (D:7)
  3 wyverns
  2 vampire mosquitoes (D:10)
  2 acid dragons
  A water moccasin (D:6)
  2 ice beasts (D:7)
  A swamp drake (D:8)
  2 sky beasts (D:5)
  2 orc warriors (D:6)
  3 necrophages (D:6)
  2 black bears
  5 ogres
  8 centaurs
  2 wolves (D:9)
  A lemure (D:6)
  3 phantoms
  A bullfrog (D:6)
  3 scorpions
  A water moccasin zombie (D:5)
  3 killer bees (D:9)
  16 wights
  3 centaur zombies
  A howler monkey (D:6)
  2 bullfrog zombies
  A centaur skeleton (D:7)
  7 orc priests
  2 hounds
  2 jellies
  3 bullfrog skeletons
  A gnoll shaman (D:8)
  Jessica (D:2)
  5 iguanas
  2 orc wizards
  6 ogre zombies (D:10)
  A hound zombie (D:5)
  4 gnolls (D:8)
  2 adders (D:2)
  A shadow imp (D:8)
  3 white imps
  4 worms
  3 dart slugs
  27 orcs
  3 endoplasms
  6 giant cockroaches
  7 goblins
  11 hobgoblins
  6 quokkas
  3 ball pythons
  5 bats
  4 frilled lizards
  2 hobgoblin skeletons (D:10)
  A hobgoblin zombie (D:10)
  3 kobolds
  An orc skeleton (D:10)
  15 orc zombies (D:10)
  4 rats
227 creatures vanquished.

Vanquished Creatures (collateral kills)
  A centaur simulacrum (D:10)
1 creature vanquished.

Vanquished Creatures (others)
  5 plants (D:10)
5 creatures vanquished.

Grand Total: 233 creatures vanquished

Table legend: (Time is in decaauts)
 A = Elapsed time spent in this place.
 B = Non-inter-level travel time spent in this place.
 C = Inter-level travel time spent in this place.
 D = Time resting spent in this place.
 E = Time spent auto-exploring this place.
 F = Levels seen in this place.
 G = Mean time per level.
                   A        B        C        D        E       F      G
               +--------+--------+--------+--------+--------+-----+--------+
         Total |  11991 |  11667 |    324 |    601 |   8315 |  13 |  922.4 |
       Dungeon |  11639 |  11338 |    301 |    601 |   7995 |  11 | 1058.1 |
        Temple |    349 |    326 |     23 |      0 |    320 |   1 |  349.0 |
          Lair |      1 |      1 |      0 |      0 |      0 |   1 |    1.0 |
               +--------+--------+--------+--------+--------+-----+--------+

Top non-repeatable levels by time:
     D:6: 1773 daAuts
     D:5: 1349 daAuts
     D:8: 1309 daAuts
     D:7: 1171 daAuts
     D:2: 1122 daAuts
    D:10: 1109 daAuts
     D:4: 1010 daAuts
     D:3: 945 daAuts
     D:9: 935 daAuts
     D:1: 832 daAuts
  Temple: 349 daAuts
    D:11: 81 daAuts
  Lair:1: 1 daAuts

Table legend:
 A = Non-vault XP
 B = Vault XP
 C = Vault XP percentage of total XP
 D = Non-vault monster count
 E = Vault monster count
 F = Vault count percentage of total count
                 A         B        C        D         E       F
            +---------+---------+-------+---------+---------+-------
      Total |   10843 |    3458 |  24.2 |     172 |      55 |  24.2
            +---------+---------+-------+---------+---------+-------
        D:1 |      28 |       0 |   0.0 |      17 |       0 |   0.0
        D:2 |      63 |     245 |  79.5 |      19 |       2 |   9.5
        D:3 |      23 |       0 |   0.0 |      12 |       0 |   0.0
        D:4 |     379 |       0 |   0.0 |      17 |       0 |   0.0
        D:5 |    1123 |       0 |   0.0 |      17 |       0 |   0.0
        D:6 |    1512 |    1514 |  50.0 |      17 |      14 |  45.2
        D:7 |    1402 |       0 |   0.0 |      29 |       0 |   0.0
        D:8 |    2337 |      12 |   0.5 |      23 |       5 |  17.9
        D:9 |    1604 |     420 |  20.8 |       8 |       3 |  27.3
       D:10 |    1931 |    1267 |  39.6 |      12 |      31 |  72.1
       D:11 |     441 |       0 |   0.0 |       1 |       0 |   0.0
            +---------+---------+-------+---------+---------+-------
